 Dungeon Crawl Stone Soup version 0.18-a0-1267-gff090c1 (webtiles) character file.

231590 4thArraOfDagon the Executioner (level 19, -1/204 HPs)
             Began as a Centaur Berserker on Feb 6, 2016.
             Was the Champion of Trog.
             Slain by a merfolk impaler
             ... wielding a +3 demon trident of freezing
              (9 damage)
             ... on level 4 of the Shoals.
             The game lasted 01:57:12 (29614 turns).

4thArraOfDagon the Executioner (Centaur Berserker) Turns: 29614, Time: 01:57:13

Health: -1/204     AC: 39    Str: 36      XL:     19   Next: 15%
Magic:  17/17      EV:  7    Int:  6 (8)  God:    Trog [******]
Gold:   1564       SH:  0    Dex: 16      Spells: 0 memorised, 18 levels left

rFire  + . .     SeeInvis +     p - +8 executioner's axe "Nyeheg" {chop, rPois rF+ Stlth+}
rCold  + + .     Gourm    .     e - +2 plate armour of the Realm of Zot {Regen+ Str+3 Int-4 SInv}
rNeg   . . .     Faith    .     (shield currently unavailable)
rPois  +         Spirit   .     n - +2 hat
rElec  +         Dismiss  .     F - +0 cloak
rCorr  .         Reflect  .     E - +2 pair of gloves
SustAt .         Harm     .     z - +4 centaur barding
MR     +++..     Rnd*Rage +     a - amulet of regeneration
Stlth  ..........               s - ring "Udiur" {+Fly Int+3 Dex+4 Slay+2 Stlth-}
                                H - +4 ring of strength

@: berserking, flying, regenerating, very quick, extremely resistant to hostile
enchantments, extremely unstealthy
A: antennae 1, hooves 3, repulsion field 1, iridescent scales 1, rugged brown
scales 1, berserk 1, blurry vision 1, clever 1, cold resistance 2, deformed
body, deterioration 1, speed 2, low mp 1, regeneration 1, screaming 1,
electricity resistance, tough skin 3
a: Berserk, Trog's Hand, Brothers in Arms, Burn Spellbooks, Renounce Religion


You were on level 4 of the Shoals.
You worshipped Trog.
Trog was exalted by your worship.
You were very full.

You visited 6 branches of the dungeon, and saw 36 of its levels.
You visited the Abyss 1 time.
You also visited: Ice Cave.

You collected 3883 gold pieces.
You spent 2319 gold pieces at shops.

Inventory:

Hand Weapons
 p - the +8 executioner's axe "Nyeheg" (weapon) {chop, rPois rF+ Stlth+}
   (Trog gifted it to you on level 2 of the Orcish Mines)

   It inflicts extra damage upon your enemies.
   It protects you from fire.
   It protects you from poison.
   It makes you more stealthy.
 O - the +7 lajatang of Order {silver, rMut}
   (You took it off a deep elf elementalist on level 3 of the Elven Halls)

   It protects you from mutation.
Missiles
 S - a throwing net (quivered)
Armour
 e - the +2 plate armour of the Realm of Zot (worn) {Regen+ Str+3 Int-4 SInv}
   (You bought it in a shop on level 2 of the Orcish Mines)

   It affects your strength (+3).
   It affects your intelligence (-4).
   It lets you see invisible.
   It increases your rate of regeneration.
 n - a +2 hat (worn)
 z - a +4 centaur barding (worn)
 E - a +2 pair of gloves (worn)
 F - a +0 cloak (worn)
Jewellery
 a - an amulet of regeneration (around neck)
 g - an uncursed ring of protection from fire
 h - an uncursed ring of protection from magic
 s - the ring "Udiur" (right hand) {+Fly Int+3 Dex+4 Slay+2 Stlth-}
   (You took it off a deep elf mage on level 3 of the Elven Halls)

   [ring of intelligence]

   It affects your intelligence (+3).
   It affects your dexterity (+4).
   It affects your accuracy and damage with ranged weapons and melee attacks
   (+2).
   It lets you fly.
   It makes you less stealthy.
 x - the ring "Ateh" {rElec rPois MP+9 Str-4 Dex+3}
   (You found it on level 4 of the Shoals)

   [ring of dexterity]

   It affects your strength (-4).
   It affects your dexterity (+3).
   It insulates you from electricity.
   It protects you from poison.
   It affects your magic capacity (+9).
 H - a +4 ring of strength (left hand)
 Y - an uncursed ring of positive energy
 Z - an uncursed ring of resist corrosion
Wands
 f - a wand of digging (10/24)
 y - a wand of digging (10/24)
 J - a wand of heal wounds (3/9)
 P - a wand of hasting (7/9)
 U - a wand of digging (18/24)
Scrolls
 k - a scroll of teleportation
 m - 5 scrolls of immolation
 u - 3 scrolls of enchant armour
 A - 5 scrolls of identify
 B - 4 scrolls of magic mapping
 D - 4 scrolls of recharging
 K - a scroll of blinking
 L - 4 scrolls of fog
 V - 17 scrolls of remove curse
 W - a scroll of summoning
 X - a scroll of fear
Potions
 b - 5 potions of flight
 d - 13 potions of curing
 i - 6 potions of lignification
 j - 4 potions of heal wounds
 o - 4 potions of magic
 q - 5 potions of berserk rage
 r - 2 potions of ambrosia
 t - 3 potions of agility
 v - 3 potions of haste
 w - 4 potions of cancellation
 G - 7 potions of brilliance
 N - 4 potions of resistance
 R - 2 potions of cure mutation
 T - 3 potions of might
Miscellaneous
 l - a lamp of fire
 C - a phantom mirror
 M - a plain deck of summoning {the Dance, drawn: 2}
 Q - an ornate deck of summoning {Focus, drawn: 1}
Comestibles
 c - 15 bread rations
 I - 9 meat rations


   Skills:
 - Level 3.0 Fighting
 * Level 24.2 Axes
 - Level 15.1 Armour
 - Level 1.3 Dodging


You had 18 spell levels left.
You didn't know any spells.

Dungeon Overview and Level Annotations

Branches:
Dungeon (15/15)            Temple (0/1) D:7            Lair (8/8) D:9
 Shoals (4/4) Lair:6        Snake (0/4) Lair:4        Slime (0/6) Lair:8
    Orc (2/2) D:12            Elf (3/3) Orc:2        Vaults (0/5) D:14
 Depths (4/5) D:15

Altars:
Cheibriados
Elyvilon
Gozag
Kikubaaqudgha
Makhleb
Okawaru
Pakellas
Trog
Yredelemnul
Zin

Shops:
D:9 !   Orc:2 *:([   Elf:1 *?([   Shoals:4 ?

Portals:
Hell: Depths:1 Depths:2
Abyss: Depths:1
Trove: D:14 (give +2 gold dragon armour)

Annotations:
Lair:7 exclusion: oklob plant
Lair:8 exclusion: 2 oklob plants
Shoals:4 Mara
Elf:2 5 runed doors, exclusion: Roxanne, Roxanne
Depths:1 exclusion: downstairs
Depths:2 the Enchantress
Depths:3 exclusion: downstairs


Innate Abilities, Weirdness & Mutations

You have hooves in place of feet.
Armour fits poorly on your strangely shaped body.
You cover ground very quickly.
You have extremely tough skin (AC +3).
You have a pair of small antennae on your head.
You are surrounded by a mild repulsion field (EV +2).
You are partially covered in iridescent scales (AC +4).
You are partially covered in rugged brown scales (AC +1, +3% HP).
You tend to lose your temper in combat.
Scrolls take you a little longer to read.
Your mind is acute. (Int +2)
Your flesh is very cold resistant.
Your body sometimes deteriorates upon taking damage.
Your magical capacity is low (-10% MP).
Your natural rate of healing is unusually fast.
You occasionally shout uncontrollably at your foes.
You are resistant to electric shocks.


Message History

Unknown command.
Unknown command.
The merfolk impaler hits you with a demon trident of freezing!
* * * LOW HITPOINT WARNING * * *
The merfolk impaler freezes you.
* * * LOW HITPOINT WARNING * * *
Unknown command.
Unknown command.
You miss the merfolk impaler. You kick the merfolk impaler!
The merfolk impaler is lightly wounded.
You slash the merfolk!
The merfolk is moderately wounded.
You slash the merfolk!
You kill the merfolk!
Trog accepts your kill.
You hear a splash. x2
You feel your strength returning.
The merfolk hits you but does no damage.
The merfolk impaler hits you with a demon trident of freezing!
You die...

≈≈≈≈≈≈ #≈.:≈≈≈#
≈≈≈≈≈≈ ##≈#≈#.##
≈≈≈≈≈≈##≈≈≈≈...# ..
≈≈≈≈≈≈≈#)≈###.###..
≈≈≈≈≈P)≈#######....
≈≈≈≈≈PP≈≈#.#≈.≈....
≈≈≈≈≈≈≈≈≈†≈)≈......
≈≈≈≈≈≈≈PPmm)m......
≈≈≈≈≈≈PP≈≈@))...≈≈≈
≈≈≈≈≈≈≈PP≈≈))..≈≈≈≈
≈≈≈≈≈≈≈≈≈≈≈≈≈≈≈≈≈≈≈
≈≈≈≈≈≈≈≈≈≈≈≈≈≈≈≈≈≈≈
≈≈≈≈≈≈≈≈≈≈≈≈≈≈≈≈≈≈≈
≈≈≈≈≈≈≈≈≈≈≈≈≈≈≈≈≈≈≈
≈≈≈≈≈≈≈≈≈≈≈≈≈≈≈≈
≈≈≈≈≈≈≈≈≈≈≈≈≈≈≈≈
###############


You could see a merfolk impaler and 2 merfolk.

Vanquished Creatures
  2 liches
  An Ice Fiend (IceCv)
  Rupert (Lair:8)
  2 deep elf master archers (Elf:3)
  A deep elf blademaster (Elf:3)
  A kraken (Shoals:1)
  An Executioner (Abyss:4)
  Frances (Elf:1)
  A sphinx (D:13)
  Ilsuiw (Shoals:4)
  A frost giant (D:13)
  2 deep elf sorcerers (Elf:3)
  3 deep elf elementalists (Elf:3)
  A very ugly thing (Depths:1)
  2 stone giants
  A salamander stormcaller (D:15)
  5 deep elf demonologists (Elf:3)
  A starcursed mass (Abyss:4)
  Azrael (D:12)
  9 deep elf annihilators (Elf:3)
  An eidolon (Abyss:4)
  The ghost of kae the Severer, a journeyman HOFi of Qazlal (Lair:3)
  7 deep elf death magi (Elf:3)
  3 merfolk javelineers (Shoals:4)
  2 ettins
  Josephine (Lair:8)
  4 deep elf high priests
  4 yaktaur captains
  2 merfolk impalers (Shoals:4)
  Erolcha (D:12)
  Fannar (Lair:3)
  3 rakshasas
  An alligator snapping turtle (Shoals:4)
  2 catoblepae
  4 hydras
  5 centaur warriors
  2 merfolk aquamancers
  2 merfolk avatars (Shoals:4)
  Erica (D:10)
  19 dancing weapons
  3 tengu warriors
  2 vampire magi (Depths:1)
  4 death yaks (Lair:5)
  5 thrashing horrors (Abyss:4)
  A deep troll earth mage (D:13)
  An orc high priest (Orc:2)
  18 deep elf knights
  A soul eater (Depths:1)
  A giant orange brain (Depths:1)
  A spatial maelstrom (Abyss:3)
  6 sea snakes
  4 unseen horrors
  A flayed ghost (Depths:1)
  5 hill giants
  10 harpies
  15 deep elf archers
  A wolf spider zombie (D:13)
  59 deep elf magi
  6 orc knights
  11 griffons
  4 cyclopes
  12 ugly things
  14 manticores
  7 fauns
  5 water nymphs
  An oklob plant (Lair:3)
  6 orc sorcerers
  A mana viper (Abyss:4)
  17 elephants
  2 centaur zombies
  An octopode (shapeshifter) (D:13)
  5 black mambas
  5 sirens
  A smoke demon (Abyss:4)
  3 gargoyles
  An ice statue (IceCv)
  14 spiny frogs
  4 freezing wraiths
  An efreet (D:14)
  14 komodo dragons
  3 tengu conjurers
  4 yaktaurs
  A fire drake (Lair:7)
  2 ancient zymes
  7 ice devils (IceCv)
  A troll (shapeshifter) (D:13)
  8 trolls
  7 anaconda simulacra (IceCv)
  A golden dragon simulacrum (IceCv)
  3 wolf spider simulacra
  17 merfolk
  A two-headed ogre (D:13)
  3 polar bears (Lair:6)
  3 giant leeches (Lair:8)
  A hornet zombie (D:13)
  23 blink frogs
  6 snapping turtles
  3 wind drakes
  5 slime creatures
  4 air elementals
  A redback (Abyss:4)
  2 ynoxinuls (Abyss:3)
  4 wyverns
  A dire elephant simulacrum (IceCv)
  2 vampires
  A spriggan (Depths:2)
  6 wraiths
  A shadow (D:13)
  65 yaks
  17 water elementals
  A fire bat (shapeshifter) (Elf:2)
  7 fire elementals
  A chaos spawn (Abyss:4)
  13 vampire mosquitoes
  2 hungry ghosts
  2 basilisks
  A neqoxec (Abyss:4)
  A death yak simulacrum (IceCv)
  10 hippogriffs
  2 harpy simulacra (IceCv)
  6 wargs (Orc:2)
  8 wolves (Lair:3)
  Edmund (D:6)
  A small abomination (Abyss:4)
  2 hell hounds (D:12)
  2 iron troll simulacra (IceCv)
  2 nagas (Lair:4)
  12 water moccasins
  A soldier ant (D:13)
  A hydra simulacrum (IceCv)
  12 porcupines
  38 orc warriors
  6 sky beasts
  2 ice beasts
  3 black bears
  3 phantoms
  2 alligator simulacra (IceCv)
  6 large abominations
  A necrophage (D:8)
  19 ogres
  A tengu (shapeshifter) (D:15)
  24 centaurs
  16 crocodiles
  5 big kobolds
  31 giant frogs
  A gnoll sergeant (D:12)
  3 earth elementals
  A water moccasin zombie (D:6)
  7 scorpions
  A wyvern skeleton (D:8)
  4 killer bees (D:14)
  11 wights
  7 electric eels
  3 crimson imps
  3 wasp zombies
  3 quasits
  2 draconian simulacra (IceCv)
  10 jellies
  24 orc priests
  2 giant frog zombies
  12 hounds
  2 iron imps
  16 orc wizards
  2 centaur skeletons
  11 iguanas
  A spriggan simulacrum (IceCv)
  4 troll simulacra (IceCv)
  13 worker ants
  A wolf simulacrum (IceCv)
  22 sheep
  A centaur simulacrum (IceCv)
  A hound zombie (D:10)
  A worker ant zombie (D:5)
  11 gnolls
  12 adders
  2 naga simulacra (IceCv)
  44 river rats
  2 shadow imps
  7 white imps
  An ufetubus (IceCv)
  3 adder skeletons
  3 worms
  9 giant geckos
  71 orcs
  5 ball pythons
  4 giant cockroaches
  3 goblins (D:1)
  7 hobgoblins
  7 jackals
  5 quokkas
  6 bats
  A giant gecko skeleton (D:4)
  6 giant newts
  19 kobolds
  2 quokka skeletons
  A quokka zombie (D:5)
  10 rats
  A bush (Lair:3)
  7 fungi
  18 plants
  A tentacle (Shoals:1)
1262 creatures vanquished.

Vanquished Creatures (collateral kills)
  A deep elf blademaster (Elf:3)
  An orc warlord (Orc:2)
  The ghost of nuthulu the Warrior, a journeyman GrFi of Okawaru (Orc:2)
  A merfolk impaler (Shoals:4)
  The ghost of alf the Carver, a journeyman FoFi of Okawaru (D:10)
  A dancing weapon (Elf:2)
  A deep elf knight (Elf:2)
  3 harpies (Shoals:4)
  2 orc warriors (Orc:2)
  A shadow imp (D:10)
  2 orcs (Orc:2)
15 creatures vanquished.

Vanquished Creatures (others)
  2 giant frogs (Lair:8)
  A crimson imp (D:15)
  A centaur skeleton (D:12)
  A hound (D:13)
  2 white imps (IceCv)
  2 ufetubi (IceCv)
  7 fungi
  7 plants
  4 starspawn tentacles (Abyss:5)
  109 starspawn tentacle segments (Abyss:5)
  3 tentacles (Shoals:1)
  A tentacle segment (Shoals:1)
140 creatures vanquished.

Grand Total: 1417 creatures vanquished

Notes
Turn   | Place    | Note
--------------------------------------------------------------
     0 | D:1      | 4thArraOfDagon the Centaur Berserker began the quest for the Orb.
     0 | D:1      | Reached XP level 1. HP: 19/19 MP: 1/1
   274 | D:1      | Reached XP level 2. HP: 16/26 MP: 2/2
   627 | D:2      | Reached ** piety under Trog
   740 | D:2      | Reached XP level 3. HP: 28/31 MP: 3/3
  1110 | D:3      | Found an iron altar of Okawaru.
  1113 | D:3      | HP: 1/31 [orc/flail (9)]
  1161 | D:3      | Reached skill level 4 in Axes
  1194 | D:3      | Noticed an ice beast
  1222 | D:3      | Killed an ice beast
  1222 | D:3      | Reached XP level 4. HP: 9/38 MP: 4/4
  1222 | D:3      | Reached XP level 5. HP: 10/45 MP: 5/5
  1625 | D:3      | Reached skill level 5 in Axes
  2004 | D:4      | Noticed an ogre
  2010 | D:4      | Killed an ogre
  2010 | D:4      | Reached XP level 6. HP: 48/51 MP: 6/6
  2333 | D:4      | Reached skill level 6 in Axes
  2583 | D:5      | Entered Level 5 of the Dungeon
  2637 | D:5      | Reached *** piety under Trog
  2701 | D:5      | Found an opulent altar of Gozag.
  2704 | D:5      | Found a burning altar of Makhleb.
  2704 | D:5      | Found a basalt altar of Yredelemnul.
  2704 | D:5      | Found a bloodstained altar of Trog.
  2706 | D:5      | Found a white marble altar of Elyvilon.
  2706 | D:5      | Found an ancient bone altar of Kikubaaqudgha.
  2707 | D:5      | Found an oddly glowing altar of Pakellas.
  2809 | D:5      | Reached XP level 7. HP: 57/57 MP: 7/7
  3045 | D:6      | Reached skill level 7 in Axes
  3211 | D:6      | Found a burning altar of Makhleb.
  3213 | D:6      | Noticed a green death
  3355 | D:6      | Reached XP level 8. HP: 47/63 MP: 8/8
  3584 | D:6      | Reached skill level 8 in Axes
  3705 | D:6      | Noticed Edmund
  3797 | D:6      | Killed Edmund
  3798 | D:6      | Received a gift from Trog
  4122 | D:6      | Reached skill level 9 in Axes
  4122 | D:6      | Reached skill level 5 in Armour
  4657 | D:7      | Reached **** piety under Trog
  4662 | D:7      | Reached XP level 9. HP: 69/69 MP: 9/9
  5134 | D:7      | Found a staircase to the Ecumenical Temple.
  5256 | D:8      | Reached skill level 10 in Axes
  5274 | D:8      | Gained mutation: Your natural rate of healing is unusually fast. [mutagenic meat]
  5275 | D:8      | Gained mutation: Your spells are a little easier to cast, but a little less powerful. [mutagenic meat]
  5276 | D:8      | Gained mutation: Your flesh is cold resistant. [mutagenic meat]
  5277 | D:8      | Gained mutation: You tend to lose your temper in combat. [mutagenic meat]
  5840 | D:8      | Reached skill level 11 in Axes
  5947 | D:8      | Noticed a griffon
  5953 | D:8      | Killed a griffon
  5953 | D:8      | Reached XP level 10. HP: 77/77 MP: 10/10
  6007 | D:8      | Noticed a yaktaur captain
  6084 | D:8      | Killed a yaktaur captain
  6254 | D:9      | Reached ***** piety under Trog
  6264 | D:9      | Reached skill level 12 in Axes
  6337 | D:9      | Found a staircase to the Lair.
  6356 | D:9      | Received a gift from Trog
  6419 | D:9      | Found Saniej's Distillery.
  6427 | D:9      | Bought a potion of berserk rage for 75 gold pieces
  6427 | D:9      | Bought a potion of curing for 45 gold pieces
  6427 | D:9      | Bought a potion of curing for 45 gold pieces
  6427 | D:9      | Bought a potion of heal wounds for 75 gold pieces
  6531 | D:9      | Found a snail-covered altar of Cheibriados.
  6880 | D:10     | Entered Level 10 of the Dungeon
  6941 | D:10     | Noticed alf's ghost (journeyman FoFi)
  7009 | D:10     | Noticed Erica
  7028 | D:10     | Killed alf's ghost
  7031 | D:10     | Killed Erica
  7031 | D:10     | Reached XP level 11. HP: 82/82 MP: 11/11
  7071 | D:10     | Reached skill level 13 in Axes
  7234 | D:10     | Found a glowing silver altar of Zin.
  7686 | D:11     | Noticed a six-headed hydra
  7719 | D:11     | Killed a one-headed hydra
  7890 | D:11     | Killed an unseen horror
  8513 | D:12     | Killed an unseen horror
  8635 | D:12     | Reached skill level 14 in Axes
  8686 | D:12     | Found a staircase to the Orcish Mines.
  8759 | Orc:1    | Entered Level 1 of the Orcish Mines
  8953 | Orc:2    | Entered Level 2 of the Orcish Mines
  8953 | Orc:2    | Noticed an orc sorcerer
  8965 | Orc:2    | Killed an orc sorcerer
  9029 | Orc:2    | Noticed an orc knight
  9081 | Orc:2    | Reached XP level 12. HP: 89/89 MP: 12/12
  9145 | Orc:2    | Found Tisir's Antique Armour Shoppe.
  9147 | Orc:2    | Found a staircase to the Elven Halls.
  9248 | Orc:2    | Received a gift from Trog
  9259 | Orc:2    | Got a smoking executioner's axe {god gift}
  9260 | Orc:2    | Identified the +8 executioner's axe "Nyeheg" {chop, rPois rF+ Stlth+} (Trog gifted it to you on level 2 of the Orcish Mines)
  9408 | Orc:2    | Noticed an orc high priest
  9461 | Orc:2    | Found Cowaheh's Antique Weapon Emporium.
  9466 | Orc:2    | Noticed an orc warlord
  9490 | Orc:2    | Killed an orc warlord
  9490 | Orc:2    | Reached skill level 15 in Axes
  9723 | Orc:2    | Found Qonazaiw's Book Emporium.
  9831 | Orc:2    | Found Busheo's General Store.
  9853 | Orc:2    | Bought a scroll of enchant armour for 97 gold pieces
  9853 | Orc:2    | Bought a scroll of enchant armour for 97 gold pieces
  9853 | Orc:2    | Bought a scroll of identify for 26 gold pieces
  9853 | Orc:2    | Bought a potion of degeneration for 13 gold pieces
  9947 | Orc:2    | Noticed nuthulu's ghost (journeyman GrFi)
  9978 | Orc:2    | Killed nuthulu's ghost
 10247 | Orc:2    | Killed an orc high priest
 10493 | Orc:1    | Found a bloodstained altar of Trog.
 10647 | Elf:1    | Entered Level 1 of the Elven Halls
 10647 | Elf:1    | Noticed Frances
 10668 | Orc:1    | HP: 4/89 [poisoned by Frances]
 10673 | Orc:1    | HP: 4/89 [poisoned by Frances]
 10900 | D:12     | Noticed Azrael
 10928 | D:12     | Reached skill level 16 in Axes
 10932 | D:12     | Killed Azrael
 10939 | D:12     | Noticed Erolcha
 11145 | D:12     | Killed Erolcha
 11145 | D:12     | Reached XP level 13. HP: 94/94 MP: 13/13
 11405 | D:13     | Reached skill level 10 in Armour
 11410 | D:13     | Gained mutation: Your magical capacity is low (-10% MP). [mutagenic meat]
 11417 | D:13     | Gained mutation: Scrolls take you a little longer to read. [mutagenic meat]
 12128 | D:13     | Gained mutation: You are resistant to electric shocks. [mutagenic meat]
 12129 | D:13     | Lost mutation: Your spells are a little easier to cast, but a little less powerful. [mutagenic meat]
 12464 | D:13     | Reached skill level 17 in Axes
 12555 | D:13     | Noticed a frost giant
 12934 | D:13     | Killed a frost giant
 12982 | D:13     | Noticed a sphinx
 13014 | D:13     | Killed a sphinx
 13449 | D:14     | Found a portal to a secret trove of treasure.
 13472 | D:14     | Reached XP level 14. HP: 102/102 MP: 12/12
 13479 | D:14     | Found a gate to the Vaults.
 14162 | D:15     | Entered Level 15 of the Dungeon
 14240 | D:15     | Reached skill level 18 in Axes
 14251 | D:15     | Gained mutation: You are partially covered in iridescent scales (AC +4). [mutagenic meat]
 14260 | D:15     | Gained mutation: Your flesh is very cold resistant. [mutagenic meat]
 14263 | D:15     | Gained mutation: You have a pair of small antennae on your head. [mutagenic meat]
 14391 | D:15     | Noticed a salamander stormcaller
 14399 | D:15     | Killed a salamander stormcaller
 14830 | D:15     | Received a gift from Trog
 14850 | D:15     | Gained mutation: You occasionally shout uncontrollably at your foes. [potion of mutation]
 14850 | D:15     | Gained mutation: Your mind is acute. (Int +2) [potion of mutation]
 14863 | D:15     | Got a fine triple crossbow {god gift}
 14864 | D:15     | Identified the +10 triple crossbow "Fomnat" {freeze, *Confuse rC+ Str+4 Int+9} (Trog gifted it to you on level 15 of the Dungeon)
 15050 | D:15     | Found a staircase to the Depths.
 15122 | Depths:1 | Entered Level 1 of the Depths
 15136 | Depths:1 | Noticed a lich
 15158 | Depths:1 | Killed a lich
 15370 | Depths:1 | Noticed a green very ugly thing
 15371 | Depths:1 | Found a gateway to Hell.
 15385 | Depths:1 | Killed a green very ugly thing
 15472 | Depths:1 | Found a one-way gate to the infinite horrors of the Abyss.
 15805 | Depths:2 | Noticed a spriggan defender
 15805 | Depths:2 | Noticed a spriggan defender
 15806 | Depths:2 | Noticed the Enchantress
 15842 | Depths:1 | Reached skill level 19 in Axes
 16041 | Depths:1 | Reached XP level 15. HP: 78/107 MP: 13/13
 16393 | Depths:4 | Noticed a fire giant
 16817 | Orc:2    | Bought a shiny centaur barding for 736 gold pieces
 16859 | Elf:1    | Killed Frances
 16989 | Elf:1    | Found Vusmalat's Magic Scroll Emporium.
 17787 | Elf:1    | Found Jifo's Weapon Boutique.
 17813 | Elf:1    | Found Mompirag's Armour Shoppe.
 18230 | Elf:3    | Entered Level 3 of the Elven Halls
 18378 | Elf:2    | Reached skill level 20 in Axes
 18421 | Elf:2    | Received a gift from Trog
 18681 | Elf:2    | Found a huge runed gate.
 18681 | Elf:2    | Found a huge runed gate.
 18681 | Elf:2    | Found a huge runed gate.
 18688 | Elf:2    | Found a huge runed gate.
 18688 | Elf:2    | Found a huge runed gate.
 18819 | Elf:2    | Noticed Roxanne
 18848 | Elf:2    | Reached XP level 16. HP: 114/114 MP: 14/14
 19892 | Elf:3    | Noticed a deep elf blademaster
 19893 | Elf:3    | Noticed a Shadow Fiend
 19896 | Elf:3    | Noticed an Executioner
 20284 | Elf:1    | Found Pusiw's Assorted Antiques.
 20657 | Elf:3    | Reached skill level 21 in Axes
 20715 | Elf:3    | Cast into level 3 of the Abyss (a deep elf sorcerer)
 20909 | Abyss:4  | Noticed an Executioner
 20921 | Abyss:4  | Killed an Executioner
 21045 | Abyss:4  | Noticed a tentacled starspawn
 21049 | Abyss:4  | Gained mutation: Your body sometimes deteriorates upon taking damage. [a neqoxec]
 21148 | Abyss:4  | Noticed a lich
 21168 | Abyss:4  | Killed a lich
 21207 | Abyss:5  | Entered Level 5 of the Abyss
 21252 | Abyss:5  | Noticed a tentacled starspawn
 21262 | Abyss:5  | Got a shimmering scale mail
 21291 | Abyss:5  | Noticed a tentacled starspawn
 21306 | Elf:3    | Escaped the Abyss
 21330 | Elf:3    | Identified the +1 scale mail "Neraulub" {rF+ rN+ Str+3} (You found it on level 5 of the Abyss)
 21347 | Elf:3    | Noticed a deep elf master archer
 21358 | Elf:3    | Killed a deep elf master archer
 21367 | Elf:3    | Noticed a Shadow Fiend
 21461 | Elf:3    | Killed a deep elf blademaster
 21463 | Elf:3    | Reached XP level 17. HP: 119/119 MP: 15/15
 21554 | Orc:2    | Bought an aquamarine-encrusted plate armour for 896 gold pieces
 21566 | Orc:2    | Identified the +2 plate armour of the Realm of Zot {Regen+ Str+3 Int-4 SInv} (You bought it in a shop on level 2 of the Orcish Mines)
 21873 | Elf:3    | Got a scintillating golden ring
 21875 | Elf:3    | Identified the ring "Udiur" {+Fly Int+3 Dex+4 Slay+2 Stlth-} (You took it off a deep elf mage on level 3 of the Elven Halls)
 21946 | Elf:3    | Noticed a deep elf blademaster
 21972 | Elf:3    | Killed a deep elf blademaster
 22049 | Elf:3    | Reached skill level 22 in Axes
 22390 | Elf:3    | Received a gift from Trog
 22505 | Elf:3    | Got a smoking scale mail
 22535 | Elf:3    | Identified the +0 scale mail of Liddut {rElec Int+8 Dex-2 Stlth-} (You found it on level 3 of the Elven Halls)
 22674 | Elf:3    | Noticed a deep elf master archer
 22694 | Elf:3    | Killed a deep elf master archer
 22911 | Elf:3    | Gained mutation: You are partially covered in rugged brown scales (AC +1, +3% HP). [potion of beneficial mutation]
 23121 | Lair:1   | Entered Level 1 of the Lair of Beasts
 23864 | Lair:2   | Gained mutation: You are surrounded by a mild repulsion field (EV +2). [potion of beneficial mutation]
 24293 | Lair:3   | Received a gift from Trog
 24479 | Lair:3   | Noticed Fannar
 24493 | Lair:3   | Killed Fannar
 24914 | Lair:3   | Noticed kae's ghost (journeyman HOFi)
 24920 | Lair:3   | Killed kae's ghost
 25473 | Lair:4   | Found a staircase to the Snake Pit.
 25910 | Lair:5   | Reached ****** piety under Trog
 26130 | Lair:6   | Received a gift from Trog
 26298 | Lair:6   | Reached XP level 18. HP: 124/129 MP: 16/16
 26462 | Lair:6   | Found a staircase to the Shoals.
 26708 | Lair:7   | Reached skill level 23 in Axes
 26961 | Lair:8   | Entered Level 8 of the Lair of Beasts
 26961 | Lair:8   | Noticed Rupert
 26967 | Lair:8   | Received a gift from Trog
 26969 | Lair:8   | Killed Rupert
 26991 | Lair:8   | Received a gift from Trog
 27056 | Lair:8   | jacquesderrida: Degin and pipler...
 27191 | Lair:8   | Found a staircase to the Slime Pits.
 27293 | Lair:8   | Identified a scroll of acquirement
 27310 | Lair:8   | Got a scorched centaur barding
 27346 | Lair:8   | Identified the +4 centaur barding "Akluev" {Str-4 Int+4} (You acquired it on level 8 of the Lair of Beasts)
 27506 | Lair:8   | Noticed Josephine
 27512 | Lair:8   | Killed Josephine
 27875 | Shoals:1 | Entered Level 1 of the Shoals
 27940 | Shoals:1 | Received a gift from Trog
 27989 | Shoals:1 | Found a frozen archway.
 28008 | IceCv    | Entered an ice cave
 28266 | IceCv    | Noticed an Ice Fiend
 28311 | IceCv    | Killed an Ice Fiend
 28477 | Shoals:1 | Reached skill level 15 in Armour
 28800 | Shoals:2 | Received a gift from Trog
 29202 | Shoals:4 | Entered Level 4 of the Shoals
 29309 | Shoals:4 | 4thArraOfDagon: jacq
 29309 | Shoals:4 | 4thArraOfDagon: uihh
 29310 | Shoals:4 | Got a crude wooden ring
 29313 | Shoals:4 | Identified the ring "Ateh" {rElec rPois MP+9 Str-4 Dex+3} (You found it on level 4 of the Shoals)
 29327 | Shoals:4 | Found Mirghoq's Magic Scroll Shoppe.
 29335 | Shoals:4 | Bought a scroll of identify for 26 gold pieces
 29335 | Shoals:4 | Bought a scroll of identify for 26 gold pieces
 29335 | Shoals:4 | Bought a scroll of blinking for 97 gold pieces
 29335 | Shoals:4 | Bought a scroll of identify for 26 gold pieces
 29335 | Shoals:4 | Bought a scroll of teleportation for 39 gold pieces
 29354 | Shoals:4 | Noticed Ilsuiw
 29395 | Shoals:4 | Killed Ilsuiw
 29395 | Shoals:4 | Reached skill level 24 in Axes
 29407 | Shoals:3 | Reached XP level 19. HP: 98/136 MP: 17/17
 29541 | Shoals:4 | Noticed Mara
 29544 | Shoals:4 | Noticed 4thArraOfDagon's illusion
 29611 | Shoals:4 | Received a gift from Trog
 29613 | Shoals:4 | HP: 9/204 [merfolk impaler/demon trident of freezing (15)]
 29614 | Shoals:4 | Slain by a merfolk impaler

Vault maps used:
D:1:      ncdulo_halloftheorcs, nrook_mini_vaults, kennysheep_minor_cross
D:3:      okawaru_trees_2
D:4:      amalloy_card_club
D:5:      grunt_temple_overflow_open, first_bread
D:6:      makhleb_altar_promises_db, uniq_edmund
D:7:      kennysheep_spiral_hall, minmay_temple_entry_purple_smoke
D:8:      minmay_evil_grid
D:9:      cheibriados_altar_1, minmay_lair_entry_grove, serial_shops,
          nicolae_shop_trees
D:10:     basic_altar, uniq_erica
D:12:     kennysheep_orc_monster_closet_entryway, st_stairs_7, uniq_azrael,
          uniq_erolcha
D:13:     kennysheep_snake
D:14:     erik_vaults_1, minmay_misc_feat_rows, enter_trove_0
D:15:     grunt_enter_depths_snipers, minmay_crystal_water
Lair:1:   grunt_megastairs_2
Lair:2:   minmay_hedge_maze, serial_bayou_pond_d
Lair:3:   minmay_lair_oklob_items, uniq_fannar
Lair:4:   guppyfry_snake_entry_garden, lemuel_fruit_fields, lemuel_fruit_fields
Lair:5:   nicolae_quartered_pool_little, infiniplex_staircase_pool,
          grunt_megastairs_1, lemuel_fruit_fields
Lair:6:   minmay_shoals_entry_beasts, lookout_lair_type, beast_lair_carwin_7,
          grunt_megastairs_5
Lair:7:   beast_lair_carwin_5, lemuel_fruit_tree
Lair:8:   minmay_lair_end_frog_pond, minmay_slime_entry_oklob_open,
          uniq_josephine, uniq_rupert
Shoals:1: portal_ice_cave_entry_frozen_things,
          nicolae_shoals_kraken_intersection
Shoals:3: cheibrodos_shoals_roost, uniq_polyphemus
Shoals:4: shoals_end_grunt_ice, shoal_ilsuiw, serial_shops, shop_scrolls,
          nicolae_alphabet_shops, uniq_mara
Orc:1:    david_defended_altar_orc
Orc:2:    grunt_orc_gardens, grunt_orc_garden, grunt_orc_garden,
          grunt_orc_garden, grunt_orc_garden
Elf:1:    serial_shops, shop_fountains, nicolae_shop_window_shopping, shop,
          nicolae_shop_waterfront, minmay_elf_crystal_hexagon, uniq_frances
Elf:2:    st_stairs_13, minivault_28, uniq_roxanne
Elf:3:    grunt_elf_hall_branching, nicolae_elf_big_sculpture_1,
          basic_stair_grate_trap
Depths:1: hell_entry, abandoned_shop, abyss_entry, kennysheep_generic_room_11
Depths:2: minmay_two_paths, grunt_hell_entry_dis_grunt, minmay_misc_feat_square,
          infiniplex_staircase_river, serial_bayou_shore_a,
          kennysheep_random_hallway, uniq_enchantress
Depths:3: grunt_profane_halls, pan_entry, hell_entry, uniq_aizul
Depths:4: minmay_three_patterns, abyss_entry, grunt_metal_band,
          infiniplex_staircase_pool_2, nrook_mini_backslash
Abyss:3:  serial_sigils_hangedman_snap
Abyss:4:  guppyfry_abyss_exit_glass_guarded,
          nicolae_abyss_rune_containment_breach
Abyss:5:  evilmike_abyss_exit_glass, kb_abyss_rune_zappy
IceCv:    ice_cave_caverns_03

Action                   |  1- 3 |  4- 6 |  7- 9 | 10-12 | 13-15 | 16-18 | 19-21 || total
-------------------------+-------+-------+-------+-------+-------+-------+-------++-------
Melee: Hand axe          |   135 |   128 |   411 |   537 |       |       |       ||  1211
       Scimitar          |       |       |       |    14 |       |       |       ||    14
       Executioner's axe |       |       |       |   199 |   836 |  1305 |    67 ||  2407
Invok: Berserk           |     5 |    10 |    21 |    30 |    40 |    28 |     1 ||   135
       Trog's Hand       |     3 |     2 |     4 |    17 |    24 |    36 |     4 ||    90
       Brothers in Arms  |       |       |       |     6 |       |     2 |     1 ||     9
       Burn Spellbooks   |       |       |       |       |     1 |     5 |       ||     6
Evoke: Wand              |       |       |       |     2 |     2 |     6 |       ||    10
       Deck              |       |       |       |       |     3 |       |       ||     3
  Use: Potion            |     1 |       |       |       |     3 |     7 |     4 ||    15
       Scroll            |       |       |     1 |    10 |    32 |    24 |     1 ||    68
 Stab: Distracted        |       |       |       |       |       |     1 |       ||     1
  Eat: Chunk             |     5 |    10 |    32 |    52 |    51 |    47 |       ||   197
       Fruit             |       |     4 |     4 |       |     6 |    31 |     1 ||    46
       Royal jelly       |       |       |       |     1 |       |       |       ||     1
       Pizza             |       |       |       |     2 |     1 |     1 |       ||     4
       Beef jerky        |       |       |       |     1 |     2 |     4 |       ||     7
       Meat ration       |       |       |       |       |     3 |     1 |       ||     4
       Bread ration      |       |       |       |       |     2 |       |       ||     2
